 Dungeon Crawl Stone Soup version 0.30-a0-457-g4b7bca3bfa (webtiles) character file.

Game seed: 18194526351680942014

22878 qeuew the Cleaver (level 13, -3/118 HPs)
             Began as a Hill Orc Fighter on Dec 12, 2022.
             Was an Elder of Trog.
             Slain by Snorg (12 damage)
             ... on level 3 of the Lair of Beasts.
             The game lasted 00:16:52 (12989 turns).

qeuew the Cleaver (Hill Orc Fighter)               Turns: 12989, Time: 00:16:53

Health: -3/118     AC: 13    Str: 22    XL:     13   Next: 3%
Magic:  13/13      EV: 12    Int:  8    God:    Trog [****..]
Gold:   792        SH: 10    Dex: 12    Spells: 12/12 levels left

rFire   + . .      SeeInvis .    y - +1 war axe (flame)
rCold   + . .      Faith    .    c - +0 buckler
rNeg    . . .      Spirit   .    b - +1 scale mail
rPois   .          Reflect  .    (no helmet)
rElec   .          Harm     .    (no cloak)
rCorr   .          Rampage  +    (no gloves)
Will    .....                    o - +2 pair of boots {rampage}
Stlth   ..........               (no amulet)
HPRegen 0.39/turn                s - ring of protection from fire
MPRegen 0.13/turn                (no ring)

@: no status effects
A: large bone plates 1, cold resistance 1
a: Renounce Religion, Berserk, Trog's Hand, Brothers in Arms


You were on level 3 of the Lair of Beasts.
You worshipped Trog.
Trog was greatly pleased with you.
You visited 2 branches of the dungeon, and saw 12 of its levels.
You also visited: Sewer.

You collected 792 gold pieces.

Inventory:

Hand Weapons
 y - a +1 war axe of flaming (weapon)
Missiles
 w - 3 throwing nets
Armour
 b - a +1 scale mail (worn)
 c - a +0 buckler (worn)
 o - a +2 pair of boots of rampaging (worn)
Jewellery
 a - a ring of resist corrosion
 s - a ring of protection from fire (left hand)
Wands
 k - a wand of mindburst (12) (quivered)
 l - a wand of charming (10)
 n - a wand of iceblast (3)
 r - a wand of flame (9)
Scrolls
 i - 9 scrolls of teleportation
 j - 5 scrolls of fog
 m - 3 scrolls of enchant armour
 v - 2 scrolls of identify
 x - 2 scrolls of enchant weapon
 A - a scroll of magic mapping {unknown}
Potions
 d - 2 potions of might
 e - 6 potions of curing
 f - 4 potions of haste
 g - 2 potions of invisibility
 h - 2 potions of mutation
 p - 2 potions of cancellation
 q - a potion of flight
 t - a potion of ambrosia
 u - a potion of magic
 z - a potion of heal wounds


   Skills:
 + Level 12.0 Fighting
 + Level 12.3 Axes
 + Level 10.9 Armour
 + Level 7.7 Dodging
 + Level 10.7 Shields
 + Level 7.5 Evocations


You had 12 spell levels left.
You didn't know any spells.
Your spell library contained the following spells:

 Spells                   Type           Power      Damage    Failure   Level
 Freeze                   Ice            0%         1d3       75%         1
 Frozen Ramparts          Ice            0%         1d1       98%         3
 Gell's Gravitas          Tloc           0%         N/A       98%         3
 Hailstorm                Conj/Ice       0%         3d3       98%         3
 Lesser Beckoning         Tloc           0%         N/A       98%         3
 Teleport Other           Tloc           0%         N/A       98%         3
 Ice Form                 Ice/Tmut       0%         N/A       100%        4
 Simulacrum               Ice/Necr       0%         N/A       100%        6


Dungeon Overview and Level Annotations

Branches:
Dungeon (9/15)             Temple (0/1) D:7            Lair (3/5) D:9
    Orc (0/2) D:9           Sewer (visited)
  Swamp: Lair:2-3    Shoals: Lair:2-3     Snake: Lair:2-3    Spider: Lair:2-3

Altars:
Ashenzari
Cheibriados
Dithmenos
Elyvilon
Fedhas
Gozag
Kikubaaqudgha
Nemelex Xobeh
Okawaru
Ru
Sif Muna
Trog
Xom
The Shining One

Shops:
D:7 **(=

Annotations:
Lair:3 Josephine, Snorg


Innate Abilities, Weirdness & Mutations

You are partially covered in large bone plates. (SH +4)
Your flesh is cold resistant. (rC+)


Message History

You block the yak's attack. You block the wraith's attack.
Your ogre barely misses the yak.
Your two-headed ogre closely misses the wraith.
Your two-headed ogre hits the wraith with a +0 giant club!
The wraith is destroyed!
Trog accepts your kill. Snorg bites you!! Snorg misses you.
Snorg completely misses you. What are your orders? t - Shout!
Orders for allies: a - Attack new target. r - Retreat! s - Stop attacking. g - Guard the area. f - Follow me.
Anything else - Cancel.
Gang up on whom?
Press: ? - help, Dir - move target, f - Snorg
Aim: Snorg (lightly wounded, berserk) Attack!
The wraith barely misses you. The yak completely misses you. The yak gores you.
You block the yak's attack. Snorg bites you!!
* * * LOW HITPOINT WARNING * * *
You block Snorg's attack. Snorg barely misses you.
Your ogre hits the yak with a +0 giant spiked club!!!
The yak dies!
Trog accepts your kill.
You swap places.
Snorg bites your ogre!! Snorg barely misses your ogre. Snorg claws your ogre!
The wraith hits your ogre!
Your ogre dies!
Your ogre's corpse disappears in a puff of smoke!
You block the yak's attack.
Your two-headed ogre hits the yak with a +0 giant club!
The yak dies!
Trog accepts your kill.
Your Fighting skill increases to level 12!
Aiming: Mindburst
Press: ? - help, Q - select action, (/) - cycle Shift-Dir - straight line, f/p - Snorg
Aim: Snorg (black smoke, berserk, ally target, chance to affect: 58%) Snorg's mind is blasted!!!
You block the yak's attack. You block Snorg's attack. Snorg claws you!
* * * LOW HITPOINT WARNING * * *
Snorg claws you!
You die...

......P ##..#..#...
....####P.....P...
#..##.#....#PP...
#..#..#......... ##
#...............
#.####..#####..#.#...
#####..#.#..# .........
......WO....#.>..........
......@T@................
......WWY...#.........#..
.....P......+.<...
....###.....# .... ...
:....... ... ..
............# .
~...~....... ~#.~~~~#$...


You could see Snorg (berserk, ally target), Josephine, a yak, 3 wraiths and a
friendly two-headed ogre (summoned, berserk, slow).

Vanquished Creatures
  Harold (Lair:2)
  3 two-headed ogres
  2 black mambas
  5 cane toads
  5 komodo dragons
  2 polar bears (Lair:2)
  A hornet (D:9)
  7 blink frogs (Lair:1)
  2 shadows (D:9)
  A wyvern (Lair:1)
  A basilisk (Lair:2)
  8 yaks (Lair:3)
  2 vampire mosquitoes (D:9)
  An acid dragon (D:9)
  7 water moccasins
  2 orc warriors
  3 ice beasts
  2 sky beasts
  3 black bears
  4 wolves (Lair:2)
  3 centaurs
  4 phantoms
  A kobold brigand (D:7)
  9 bullfrogs
  3 necrophages (D:5)
  6 scorpions
  13 wights
  2 troll zombies (D:9)
  An electric eel (Lair:2)
  A howler monkey (D:8)
  3 jellies
  3 orc priests
  Crazy Yiuf (D:5)
  2 hounds
  A gnoll bouda (D:9)
  4 iguanas
  8 orc wizards
  4 ogre zombies (D:9)
  12 gnolls
  16 adders
  3 river rats
  2 shadow imps (D:5)
  A white imp (D:5)
  3 ufetubi
  2 worms (D:2)
  34 orcs
  5 endoplasms
  4 giant cockroaches
  2 goblins
  5 hobgoblins
  3 jackals (D:3)
  4 quokkas
  18 ball pythons
  7 bats
  5 frilled lizards
  3 hobgoblin skeletons (D:9)
  2 hobgoblin zombies (D:9)
  10 kobolds
  2 orc skeletons (D:9)
  12 orc zombies (D:9)
  29 rats
315 creatures vanquished.

Vanquished Creatures (collateral kills)
  A wraith (Lair:3)
  3 yaks (Lair:3)
4 creatures vanquished.

Vanquished Creatures (others)
  A wizard (D:8)
  4 fungi
  12 plants
17 creatures vanquished.

Grand Total: 336 creatures vanquished

Notes
Turn   | Place    | Note
-------+----------+-------------------------------------------
     0 | D:1      | qeuew the Hill Orc Fighter began the quest for the Orb.
     0 | D:1      | Reached XP level 1. HP: 19/19 MP: 1/1
   203 | D:1      | Reached XP level 2. HP: 27/27 MP: 2/2
   790 | D:2      | Reached XP level 3. HP: 30/33 MP: 3/3
   911 | D:2      | Reached skill level 1 in Dodging
   932 | D:2      | Reached XP level 4. HP: 40/40 MP: 4/4
  1646 | D:3      | Found a blossoming altar of Fedhas.
  1646 | D:3      | Found a snail-covered altar of Cheibriados.
  1654 | D:3      | Found a faded altar of an unknown god.
  1656 | D:3      | Found a white marble altar of Elyvilon.
  1658 | D:3      | Found a shimmering altar of Xom.
  1665 | D:3      | Prayed at the altar of an unknown god.
  1665 | D:3      | Became a worshipper of Trog the Wrathful
  1665 | D:3      | Reached * piety under Trog
  1738 | D:3      | Reached XP level 5. HP: 38/47 MP: 5/5
  2145 | D:3      | Found a shimmering blue altar of Sif Muna.
  2182 | D:3      | Found a sacrificial altar of Ru.
  2185 | D:3      | Found an iron altar of Okawaru.
  2190 | D:3      | Found a shadowy altar of Dithmenos.
  2258 | D:3      | Found a sparkling altar of Nemelex Xobeh.
  2326 | D:3      | Found an ancient bone altar of Kikubaaqudgha.
  2333 | D:3      | Gained mutation: You are partially covered in large bone
                  | plates. (SH +4) [potion of mutation]
  2333 | D:3      | Gained mutation: Your flesh is cold resistant. (rC+)
                  | [potion of mutation]
  2399 | D:4      | Noticed a sky beast
  2417 | D:4      | Killed a sky beast
  2418 | D:4      | Reached XP level 6. HP: 9/55 MP: 6/6
  2970 | D:4      | Reached skill level 5 in Fighting
  3157 | D:5      | Entered Level 5 of the Dungeon
  3190 | D:5      | Reached ** piety under Trog
  3191 | D:5      | Reached skill level 5 in Axes
  3191 | D:5      | Reached XP level 7. HP: 47/61 MP: 7/7
  3206 | D:5      | Reached skill level 5 in Armour
  3206 | D:5      | Reached skill level 5 in Shields
  3214 | D:5      | Reached XP level 8. HP: 27/70 MP: 8/8
  3443 | D:5      | Found a runed translucent door.
  3444 | D:5      | Noticed Crazy Yiuf
  3540 | D:5      | Found an opulent altar of Gozag.
  3576 | D:5      | Found a glowing golden altar of the Shining One.
  4027 | D:5      | Killed Crazy Yiuf
  4110 | D:6      | Found a glowing drain.
  4124 | Sewer    | Entered a sewer
  4429 | Sewer    | Reached *** piety under Trog
  4479 | Sewer    | Reached XP level 9. HP: 43/79 MP: 9/9
  5175 | D:6      | Identified the +3 robe "Wos Fimniucu" {Int+2}
  5427 | D:6      | Reached skill level 1 in Evocations
  5497 | D:6      | HP: 3/79 [poisoned by a water moccasin]
  6338 | D:6      | Reached skill level 5 in Dodging
  6338 | D:6      | Reached XP level 10. HP: 92/92 MP: 10/10
  6339 | D:6      | Reached skill level 10 in Fighting
  6339 | D:6      | Reached skill level 10 in Axes
  6339 | D:6      | Reached skill level 5 in Evocations
  6339 | D:6      | Reached XP level 11. HP: 101/101 MP: 11/11
  6354 | D:7      | Found Emoufret's Jewellery Shoppe.
  6511 | D:7      | Found a staircase to the Ecumenical Temple.
  6618 | D:7      | Found Weaneoc's Weapon Boutique.
  6657 | D:7      | Reached **** piety under Trog
  6818 | D:7      | Found Cudohei's Assorted Antiques.
  6955 | D:7      | Found Qiokiom's General Store.
  7186 | D:8      | Found a bloodstained altar of Trog.
  7392 | D:8      | Noticed a two-headed ogre
  7448 | D:8      | Killed a two-headed ogre
  7970 | D:8      | Noticed a wizard
  7974 | D:8      | Killed a wizard
  8211 | D:9      | Found a staircase to the Lair.
  8399 | D:9      | Found a staircase to the Orcish Mines.
  8409 | D:9      | Paralysed by a hornet for 3 turns
  8448 | D:9      | HP: 2/101 [troll zombie (8)]
  8826 | D:9      | Reached ***** piety under Trog
  8847 | D:9      | Noticed a two-headed ogre
  8857 | D:9      | Killed a two-headed ogre
  8858 | D:9      | Reached skill level 10 in Armour
  8858 | D:9      | Reached XP level 12. HP: 78/110 MP: 12/12
  9041 | D:9      | Found a broken altar of Ashenzari.
  9372 | D:9      | Noticed a two-headed ogre
  9385 | D:9      | Killed a two-headed ogre
  9519 | Lair:1   | Entered Level 1 of the Lair of Beasts
  9558 | Lair:1   | Reached skill level 10 in Shields
  9559 | Lair:1   | HP: 8/165 [poisoned by a cane toad]
  9562 | Lair:1   | HP: 1/110 [poisoned by a cane toad]
  9890 | Lair:1   | HP: 4/165 [blink frog (10)]
 10273 | Lair:1   | Identified the +9 rapier of Darkness {flame, rC+ MP+9 Str+4
                  | Dex+4}
 11812 | Lair:2   | Noticed Harold
 11852 | Lair:2   | Killed Harold
 12764 | Lair:3   | Received a gift from Trog
 12975 | Lair:3   | Noticed Snorg
 12981 | Lair:3   | Noticed Josephine
 12984 | Lair:3   | Reached XP level 13. HP: 67/117 MP: 13/13
 12989 | Lair:3   | Slain by Snorg

Illustrated notes

Levels and vault maps discovered:
D:1:      dpeg_arrival_tiny_j, layout_loops_ring
D:2:      layout_loops_ring
D:3:      layout_rooms, chequers_temple_overflow_minitemple,
          lemuel_coloured_pillars_altar, mainiacjoe_overflow_alcove_4,
          nemelex_spade_bored_becter, grunt_temple_overflow_diamond
D:4:      layout_rooms
D:5:      layout_rooms, old_standard_altar, tso_metal_star,
          minmay_fractal_squares_5, uniq_crazy_yiuf_cottage
D:6:      layout_layer_cave, portal_sewer_entry_b
D:7:      layout_gridville, minmay_temple_entry_statues_fountains, serial_shops,
          kennysheep_mini, nicolae_shop_behind_doors, shop,
          nicolae_lakefront_shop, minmay_parallelograms
D:8:      layout_loops_ring, trog_wizard
D:9:      layout_small_grid, ashenzari_altar_1, david_lair_shrubbed,
          zombieorc1_lemuel
Lair:1:   layout_loops_ring, grunt_megastairs_4
Lair:2:   layout_small_grid, gammafunk_lair_bear_cave, uniq_harold
Lair:3:   layout_chaotic_city, elwin_shoals_entry_rocks, dummy_snake_entry,
          uniq_snorg, uniq_josephine

Skill      XL: |  1  2  3  4  5  6  7  8  9 10 11 12 13 |
---------------+----------------------------------------+-----
Axes           | 3 4 5 7 9 10 11 12 | 12.3
Fighting       | 4 5 7 9 10 11 12 | 12.0
Dodging        | 1 2 3 5 6 7 |  7.7
Armour         | 4 5 6 8 9 10 | 10.9
Shields        | 4 5 6 8 9 10 | 10.7
Evocations     | 4 5 6 7 |  7.5

Action                   |  1- 3 |  4- 6 |  7- 9 | 10-12 | 13-15 || total
-------------------------+-------+-------+-------+-------+-------++-------
Melee: War axe           |    99 |   170 |   345 |   604 |     3 ||  1221
Invok: Berserk           |       |     1 |     2 |     6 |       ||     9
       Trog's Hand       |       |       |     1 |     4 |       ||     5
       Brothers in Arms  |       |       |       |     2 |       ||     2
Evoke: Wand              |       |       |       |     3 |     1 ||     4
  Use: Scroll            |     6 |     4 |     4 |     4 |       ||    18
       Potion            |     2 |     7 |     2 |     4 |       ||    15
 Stab: Distracted        |       |       |       |     1 |       ||     1
Armor: Scale mail        |    48 |    95 |   186 |   202 |     2 ||   533
Dodge: Dodged            |    45 |    95 |   145 |   285 |    11 ||   581
Block: Buckler           |    30 |    57 |   190 |   305 |    12 ||   594

Table legend: (Time is in decaauts)
 A = Elapsed time spent in this place.
 B = Non-inter-level travel time spent in this place.
 C = Inter-level travel time spent in this place.
 D = Time resting spent in this place.
 E = Time spent auto-exploring this place.
 F = Levels seen in this place.
 G = Mean time per level.
                   A        B        C        D        E       F      G
               +--------+--------+--------+--------+--------+-----+--------+
         Total |  13244 |  12964 |    280 |     30 |  10740 |  13 | 1018.8 |
       Dungeon |   9227 |   8994 |    233 |     30 |   7343 |   9 | 1025.2 |
          Lair |   3473 |   3426 |     47 |      0 |   3030 |   3 | 1157.7 |
         Sewer |    543 |    543 |      0 |      0 |    366 |   1 |  543.0 |
               +--------+--------+--------+--------+--------+-----+--------+

Top non-repeatable levels by time:
  Lair:2: 1861 daAuts
     D:6: 1824 daAuts
     D:9: 1398 daAuts
  Lair:1: 1336 daAuts
     D:8: 1004 daAuts
     D:5: 954 daAuts
     D:2: 863 daAuts
     D:3: 849 daAuts
     D:4: 795 daAuts
     D:7: 794 daAuts
     D:1: 745 daAuts
   Sewer: 543 daAuts
  Lair:3: 274 daAuts
